 Dungeon Crawl Stone Soup version bcrawl-1.39.1 (webtiles) character file.

Game seed: 13018244925501479424

13887109 AxeAttX the Conqueror (level 23, -11/240 HPs)
             Began as a Minotaur Berserker on Sept 5, 2023.
             Was the Champion of Trog.
             Killed from afar by a shadow dragon (42 damage)
             ... with a bolt of negative energy
             ... on level 5 of the Depths on Sept 6, 2023.
             The game lasted 01:11:34 (35541 turns).

AxeAttX the Conqueror (Minotaur Berserker)         Turns: 35541, Time: 01:11:35

Health: -11/240    AC: 42    Str: 34    XL:     23   Next: 22%
Magic:  18/18      EV: 11    Int:  7    God:    Trog [******]
Gold:   1183       SH: 33    Dex: 16    Spells: 22/22 levels left

rFire    + + .     GDR:     43% W - +14 obsidian axe {chop, +Fly SInv *Curse} (curse)
rCold    . . .     SeeInvis +   n - +8 large shield of the Mackerel {rF+ MR+ MP-9 Str+2}
rNeg     . . .     Gourm    .   Q - +9 plate armour {rF+}
rPois    .         Faith    .   (helmet restricted)
rElec    .         Spirit   .   m - +1 cloak
rCorr    .         Reflect  .   r - +0 pair of gloves
MR       +++..                  o - +0 pair of boots {Stlth++}
Stlth    ..........             O - amulet of rage
HPRegen  0.50/turn              G - ring "Teod" {+Fly MR+ Int+3 Dex+6 SInv}
MPRegen  0.16/turn              p - +6 ring of protection

@: berserk cooldown, mesmerised, slowed, drained, very slow
A: retaliatory headbutt, horns 2
}: 3/15 runes: decaying, silver, gossamer
a: Berserk, Trog's Hand, Brothers in Arms, Renounce Religion, Evoke Berserk
Rage, Evoke Flight


You were on level 5 of the Depths.
You worshipped Trog.
Trog was exalted by your worship.
You were not hungry.

You visited 7 branches of the dungeon, and saw 33 of its levels.
You visited the Abyss 1 time.
You also visited: Sewer, Ossuary and Gauntlet.

You collected 4869 gold pieces.
You spent 3686 gold pieces at shops.

Inventory:

Hand Weapons
 b - a +6 broad axe of flaming
   (Trog gifted it to you on level 6 of the Lair of Beasts)
 W - the cursed +14 obsidian axe (weapon) {chop, +Fly SInv *Curse}
   (You found it on level 6 of the Lair of Beasts)

   It will always inflict at least some extra damage.
   This minimum extra damage increases with your current reserve of magical
   power.
   It lets you see invisible.
   It lets you fly.
   It curses itself when equipped.
   It has a curse placed upon it.
Missiles
 E - 2 throwing nets {=f}
 I - 241 javelins (quivered)
 T - 1107 poisoned tomahawks
Armour
 m - a +1 cloak (worn)
   (You found it on level 3 of the Dungeon)
 n - the +8 large shield of the Mackerel (worn) {rF+ MR+ MP-9 Str+2}
   (You found it on level 3 of the Vaults)

   It affects your strength (+2).
   It protects you from fire.
   It affects your resistance to hostile enchantments.
   It affects your magic capacity (-9).
 o - a +0 pair of boots of stealth (worn)
   (You bought it in a shop in the Orcish Mines)
 r - a +0 pair of gloves (worn)
   (You found it on level 1 of the Swamp)
 Q - a +9 plate armour of fire resistance (worn)
   (You bought it in a shop in the Orcish Mines)
Jewellery
 f - an uncursed ring of protection from fire
   (You found it on level 4 of the Dungeon)
 i - an uncursed ring of see invisible
   (You found it on level 1 of the Swamp)
 p - a +6 ring of protection (right hand)
   (You found it on level 5 of the Dungeon)
 G - the ring "Teod" (left hand) {+Fly MR+ Int+3 Dex+6 SInv}
   (You found it in a Gauntlet)

   [ring of dexterity]

   It affects your intelligence (+3).
   It affects your dexterity (+6).
   It affects your resistance to hostile enchantments.
   It lets you see invisible.
   It lets you fly.
 O - an amulet of rage (around neck)
   (You bought it in a shop on level 3 of the Depths)
 R - the amulet "Hugaed" {Acrobat rPois Int+7}
   (You found it in a Gauntlet)

   [amulet of the acrobat]

   It helps you evade while moving and waiting.
   It affects your intelligence (+7).
   It protects you from poison.
 Y - the cursed ring of Activism {Fire rN++ Dex-4}
   (You found it on level 2 of the Swamp)

   [ring of fire]

   It enhances your fire magic.
   It affects your dexterity (-4).
   It protects you from fire.
   It makes you vulnerable to cold.
   It greatly protects you from negative energy.
   It has a curse placed upon it.
Wands
 k - a wand of iceblast (16)
   (You found it on level 1 of the Spider Nest)
 v - a wand of digging (13)
   (You took it off a tengu warrior on level 10 of the Dungeon)
 F - a wand of charming (9)
   (You found it on level 9 of the Dungeon)
 J - a wand of acid (8)
   (You took it off Arachne on level 3 of the Spider Nest)
 K - a wand of clouds (5)
   (You found it on level 9 of the Dungeon)
 U - a wand of disintegration (21)
   (You found it on level 1 of the Vaults)
 Z - a wand of scattershot (5)
   (You found it on level 9 of the Dungeon)
Scrolls
 t - 20 scrolls of teleportation
 u - 3 scrolls of silence
 y - 2 scrolls of fear
 z - 8 scrolls of blinking
 A - 18 scrolls of remove curse
 C - 4 scrolls of revelation
 D - a scroll of summoning
 H - 2 scrolls of immolation
 L - a scroll of noise
Potions
 a - 4 potions of resistance
 d - 8 potions of might
 g - 5 potions of invisibility
 h - 2 potions of haste
 l - 6 potions of mutation
 q - 19 potions of curing
 s - 2 potions of agility
 w - 2 potions of heal wounds
 x - 2 potions of magic
 B - 3 potions of berserk rage
 M - a potion of ambrosia
 N - 3 potions of cancellation
 S - 7 potions of lignification
 X - 8 potions of flight
Miscellaneous
 c - a sack of spiders
   (You found it in a sewer)
 P - a lamp of fire
   (You found it on level 6 of the Lair of Beasts)
 V - a phial of floods
   (You found it on level 3 of the Vaults)
Comestibles
 e - 25 rations {!d}


   Skills:
 O Level 27(25.8) Fighting
 - Level 20.0(18.9) Axes
 + Level 8.5(7.7) Throwing
 + Level 23.5(22.4) Armour
 + Level 11.2(10.3) Dodging
 + Level 21.3(20.2) Shields
 + Level 7.4(6.6) Evocations


You had 22 spell levels left.
You didn't know any spells.
Your spell library contained the following spells:

 Spells                   Type           Power        Failure   Level  Hunger
 Shock                    Conj/Air       #......      100%        2    ####...
 Regeneration             Chrm/Necr      #.........   100%        3    #####..
 Dispel Undead            Necr           #.......     100%        5    #######
 Summon Lightning Spire   Summ/Air       #.......     100%        5    #######
 Fire Storm               Conj/Fire      #.........   100%        9    #######


Dungeon Overview and Level Annotations

Branches:
Dungeon (12/12)            Temple (0/1) D:6            Lair (6/6) D:8
  Swamp (3/3) Lair:4       Spider (3/3) Lair:2        Slime (0/5) Orc
    Orc (1/1) D:9             Elf (0/3) Lair:6       Vaults (3/3) D:11
  Crypt (0/2) Vaults:2     Depths (5/5) D:12
    Zot: Depths:5

Altars:
Cheibriados
Gozag
Hepliaklqana
Kikubaaqudgha
Nemelex Xobeh
Okawaru
Qazlal
Trog
The Shining One
Jiyva

Shops:
D:10 (   D:12 ?   Orc [*?[[*(:(   Vaults:3 ?   Depths:3 =

Portals:
Hell: Depths:1 Depths:4
Abyss: Depths:4
Trove: D:9 (give 2 scrolls of acquirement)

Annotations:
Spider:2 1 runed door Orc exclusion: 2 oklob plants


Innate Abilities, Weirdness & Mutations

You reflexively headbutt those who attack you in melee.
You have a pair of horns on your head.


Message History

The bolt of lightning hits you!
* * * LOW HITPOINT WARNING * * *
Your juggernaut looks more poisoned.
Your juggernaut hits the purple draconian!!!!
The purple draconian stumbles backwards!
You hear a roar!
You are too injured to fight recklessly!
A red film seems to cover your vision as you go berserk!
You feel yourself moving faster!
You feel mighty!
You feel quite a bit more hungry.
You feel very sick.
The purple draconian hits your juggernaut with a +0 hand axe.
You block the golden dragon's attack. x2; The golden dragon tramples you.
* * * LOW HITPOINT WARNING * * *
You stumble backwards!
You hit the golden dragon but do no damage.
Ssssck.
You headbutt the golden dragon!
The golden dragon is almost dead.
You slash the black draconian stormcaller!
You feel very sick.
Your juggernaut hits the purple draconian!!!!
The purple draconian stumbles backwards!
The purple draconian dies!
Trog accepts your kill.
You block the golden dragon's attack. x2
The golden dragon tramples you but does no damage.
You block the black draconian stormcaller's attack.
You slice the golden dragon!!
You kill the golden dragon!
Trog accepts your kill.
You slash the black draconian stormcaller!
You feel very sick.
Your shield and plate armour prevent you from hitting the black draconian stormcaller.
You headbutt the black draconian stormcaller, but do no damage.
The black draconian stormcaller is heavily wounded.
You feel sick.
You slice the black draconian stormcaller!!
The black draconian stormcaller is almost dead.
You feel very sick.
You block the black draconian stormcaller's attack.
You hear a roar!
You closely miss the black draconian stormcaller.
You headbutt the black draconian stormcaller.
The black draconian stormcaller is almost dead.
You feel very sick.
You slice the black draconian stormcaller like a ripe choko!!!
You break out of your daze!
You kill the black draconian stormcaller!
Trog accepts your kill.
You feel very sick.
You start resting.
You feel very sick. x3
You feel sick.
You hear a roar!
You feel very sick.
You feel sick. x2
Your juggernaut rages.
You feel less exhausted.
You feel sick.
You start resting.
You feel sick. x5
You hear a roar!
You feel sick. x2
Your juggernaut rages.
You are no longer berserk.
You are exhausted.
You feel yourself slow down.
You feel sick.
You hear a roar!
Unknown command.
You start resting.
You feel very sick.
You feel sick.
Your juggernaut rages.
You feel very sick.
You feel sick. x2
Your juggernaut rages.
You feel sick.
Your juggernaut looks more healthy.
You feel sick.
You hear a roar!
You feel sick. x6
Your juggernaut is no longer berserk.
You feel sick.
A shadow dragon comes into view.
You feel better.
Visions of slaying the shadow dragon flood into your mind.
A shadow dragon is nearby!
What are your orders? t - Shout!
Orders for allies: a - Attack new target. r - Retreat! s - Stop attacking. g - Guard the area. f - Follow me.
Anything else - Cancel.
Gang up on whom?
Press: ? - help, Dir - move target cursor, f - shadow dragon
Aim: a shadow dragon (mesmerising) Attack!
Your juggernaut disappears in a puff of smoke!
The shadow dragon breathes negative energy at you.
You feel drained. The bolt of negative energy hits you!!!
You die...

,,,*,,,,,,,*,,,***,#.........#,..
,,,,,,,,...........#####.....##..
,*,,,,,,.....#.....##.<..........
,,,,,,,,...........##.........#.,
,,,,,,,,,......#...###......[.##,
,,,,**,,,*#........#.#.....).).#,
,,,,*,,,..#......#.#.####....#.#*
,,,,,,,,.......)...#.#..#...##...
,,,,,,,∩...D...§@)......)...#,,.#
,,,,,,,,...........#...)#...#,,..
,,,,*,,,..#......#.#....##.##**,.
,,,,**,,,*#........##)#.[###..**#
,,,,,,,,,...)..#...##†##.......,,
,,,,,,,,...........#.)#..#.....,*
,*,,,,,,.....#.....##[†..######**
,,,,,,,,...........##.#...#,,,,,*
,,,*,,,,,,,*,,,***,#..##..#,,,*,*


You could see a shadow dragon.

Vanquished Creatures
  A juggernaut (Vaults:3)
  Mennas (Vaults:3)
  A Killer Klown (Depths:4)
  A golden dragon (Depths:5)
  Bai Suzhen (Vaults:1)
  Arachne (Spider:3)
  A bone dragon (Abyss:1)
  A rockslime (Depths:4)
  3 tentacled monstrosities (Vaults:3)
  3 liches
  A wendigo (Swamp:3)
  An Executioner (Abyss:1)
  5 sphinxes
  2 shadow dragons (Vaults:3)
  4 tengu reavers
  2 thorn hunters (Swamp:3)
  A ghoul (Vaults:2)
  3 storm dragons (Vaults:3)
  4 frost giants
  11 fire giants
  Aizul (Swamp:1)
  Louise (Swamp:1)
  2 war gargoyles
  4 orc warlords
  6 vault wardens
  A draconian stormcaller (Depths:5)
  4 ghost moths
  13 ironheart preservers
  2 emperor scorpions
  2 jiangshi (Depths:5)
  18 stone giants
  21 very ugly things
  2 vampire knights (Vaults:2)
  2 deep elf demonologists
  A green draconian (Depths:5)
  A deep elf annihilator (Vaults:3)
  A purple draconian (Depths:5)
  13 dire elephants
  A minotaur (Gauntlet)
  3 entropy weavers
  9 ettins
  6 spark wasps
  An eidolon (Vaults:2)
  The ghost of Morbidden the Thaumaturge, a journeyman FrVM of Vehumet (Lair:3)
  A deep elf death mage (Vaults:1)
  A blizzard demon (Abyss:1)
  Josephine (Swamp:1)
  6 fire dragons
  The ghost of Exe the Fighter, a journeyman MiBe of Trog (D:10)
  13 yaktaur captains
  26 vault guards
  A ghost crab (Swamp:2)
  2 rakshasas
  6 ogre magi
  2 catoblepae
  An anaconda (Lair:6)
  2 great orbs of eyes
  23 hydras
  8 ice dragons
  A merfolk avatar (Lair:6)
  19 two-headed ogres
  2 shadow wraiths
  A queen ant (Lair:6)
  2 dancing weapons
  2 death knights (Vaults:2)
  13 deep troll shamans
  3 death yaks (Lair:6)
  A sea snake (Lair:6)
  7 deep troll earth magi
  7 alligators
  3 tengu warriors
  A soul eater (Depths:4)
  5 ironheart beastmasters (Vaults:1)
  An orc high priest (Orc)
  4 deep elf knights
  3 vampire magi
  The ghost of syranez the Pacifist, a novice DDFi of Elyvilon (D:5)
  6 spriggan berserkers
  24 deep trolls
  A deep troll (shapeshifter) (Depths:3)
  A goliath frog (Lair:4)
  9 iron trolls
  2 salamander mystics (Depths:4)
  A storm dragon skeleton (Vaults:2)
  20 centaur warriors
  A spatial maelstrom (Abyss:1)
  A hell knight (Vaults:2)
  8 skeletal warriors
  A spark wasp zombie (Depths:2)
  4 spriggan druids
  12 swamp dragons
  An unseen horror (D:11)
  2 orange crystal statues
  10 wizards
  5 large abominations
  2 deep elf archers
  3 wolf spider zombies
  4 cyclopes
  8 orb spiders
  6 glowing orange brains
  A tengu zombie (Vaults:2)
  3 phantasmal warriors (Vaults:3)
  8 deep elf magi
  2 necromancers
  Pikel (D:4)
  14 wolf spiders
  6 ironheart convokers (Vaults:3)
  5 orc knights
  41 ugly things
  2 orc sorcerers (Orc)
  4 salamanders (Depths:4)
  A manticore (shapeshifter) (Vaults:3)
  An elephant (shapeshifter) (Vaults:3)
  A moth of wrath (Spider:1)
  2 stone giant zombies (Depths:2)
  3 will-o'-wisps (Swamp:2)
  A moth of wrath (shapeshifter) (Vaults:3)
  A black mamba (shapeshifter) (Depths:1)
  4 black mambas
  16 elephants
  16 cane toads
  15 vault sentinels
  A smoke demon (Abyss:1)
  2 torpor snails
  2 gargoyles
  17 jumping spiders
  9 demonic crawlers
  6 rime drakes
  A kobold demonologist (D:12)
  25 yaktaurs
  A tengu conjurer (Vaults:1)
  10 freezing wraiths
  A flying skull (Abyss:1)
  14 komodo dragons
  2 eyes of draining
  6 meliai
  4 hellwings (Depths:4)
  2 polar bears (Lair:6)
  A polar bear (shapeshifter) (D:12)
  Prince Ribbit (D:9)
  3 red devils (Depths:4)
  8 trolls
  14 tyrant leeches
  Grinder (D:6)
  17 hornets
  43 slime creatures
  22 blink frogs
  A harpy skeleton (D:10)
  19 bog bodies
  10 hippogriffs
  A meliai zombie (D:11)
  4 dream sheep (Lair:5)
  A dream sheep (shapeshifter) (Vaults:3)
  A stone giant simulacrum (Vaults:1)
  A spriggan zombie (Depths:2)
  A tarantella (shapeshifter) (Vaults:2)
  15 tarantellas
  6 wraiths
  9 spriggans
  2 water elementals (Depths:2)
  4 wyverns
  2 vampires (D:10)
  A basilisk (Lair:6)
  31 yaks
  A yaktaur simulacrum (Vaults:2)
  A redback (shapeshifter) (Vaults:3)
  A spatial vortex (Abyss:1)
  9 vampire mosquitoes
  21 redbacks
  10 swamp worms
  5 wargs
  9 water moccasins
  An acid dragon (D:10)
  18 crocodiles
  A hell hound (Depths:4)
  6 porcupines
  25 soldier ants (Lair:6)
  25 orc warriors
  3 sky beasts
  12 swamp drakes
  3 slaves (D:4)
  A human zombie (Vaults:2)
  4 ice beasts
  A black bear (D:6)
  2 phantoms
  18 ogres
  A wolf (shapeshifter) (Vaults:3)
  A necrophage (D:8)
  6 wolves
  An ogre (shapeshifter) (Vaults:2)
  A bullfrog (shapeshifter) (Vaults:3)
  A small abomination (Abyss:1)
  Blork the orc (D:4)
  12 bullfrogs
  5 kobold brigands
  A gnoll sergeant (D:9)
  A wyvern zombie (D:7)
  7 centaurs
  8 scorpions
  8 killer bees (D:10)
  2 howler monkeys
  10 electric eels
  17 orc priests
  11 crimson imps
  A bullfrog zombie (D:7)
  11 hounds
  2 quasits
  A gnoll shaman (D:10)
  A bullfrog skeleton (D:2)
  An iron imp (D:9)
  6 jellies
  15 orc wizards
  Terence (D:2)
  An iguana (D:8)
  26 worker ants
  A worker ant (shapeshifter) (Vaults:2)
  A killer bee zombie (D:5)
  A hound skeleton (D:9)
  9 mummies
  Robin (D:4)
  3 howler monkey zombies (D:5)
  A worker ant zombie (D:6)
  4 gnolls (D:9)
  16 adders
  A crocodile simulacrum (Lair:3)
  4 shadow imps
  A white imp (Vaults:1)
  2 oozes
  3 adder skeletons
  4 worms
  6 dart slugs
  3 leopard geckos
  An orc (shapeshifter) (D:12)
  89 orcs
  3 giant cockroaches
  18 goblins
  11 hobgoblins
  13 jackals
  13 kobolds
  7 quokkas
  12 bats
  2 frilled lizards
  2 gnoll zombies (Ossuary)
  A goblin skeleton (D:6)
  A goblin zombie (D:6)
  2 hobgoblin zombies
  2 jackal skeletons (D:4)
  2 kobold zombies (Ossuary)
  2 orc skeletons (D:6)
  4 orc zombies
  A quokka zombie (D:6)
  3 rats
  A spectral kobold (D:6)
  3 fungi
  6 plants
1533 creatures vanquished.

Vanquished Creatures (collateral kills)
  Xtahua (Vaults:3)
  2 liches
  A tengu reaver (Vaults:3)
  2 fire giants
  A frost giant (Depths:2)
  2 emperor scorpions
  An iron dragon (Vaults:3)
  A ghost moth (Spider:3)
  4 stone giants
  A vault warden (Vaults:2)
  An ironheart preserver (Vaults:2)
  A jiangshi (Depths:5)
  2 very ugly things
  A purple draconian (Depths:5)
  7 dire elephants (Vaults:1)
  An ettin (Vaults:3)
  A green death (Abyss:1)
  2 fire dragons
  4 yaktaur captains
  A rakshasa (Depths:4)
  4 vault guards (Vaults:3)
  2 hydras
  A great orb of eyes (Depths:4)
  3 two-headed ogres (Vaults:1)
  A deep troll shaman (Depths:2)
  A deep troll earth mage (Vaults:3)
  2 ironheart beastmasters (Vaults:1)
  2 deep elf knights
  3 deep trolls
  6 centaur warriors
  2 deep elf archers
  3 cyclopes
  A necromancer (Depths:4)
  An ironheart convoker (Vaults:1)
  A wolf spider (Spider:1)
  4 orb spiders
  An orc knight (D:11)
  4 ugly things
  2 deep elf magi
  An oklob plant (Orc)
  A salamander (shapeshifter) (D:12)
  A moth of wrath (Spider:3)
  A vault sentinel (Vaults:2)
  8 jumping spiders
  A demonic crawler (Spider:1)
  A freezing wraith (Vaults:3)
  A rime drake (Lair:3)
  2 yaktaurs
  A hellwing (Depths:4)
  A red devil (Depths:4)
  A troll (Orc)
  A troll (shapeshifter) (D:12)
  A wind drake (shapeshifter) (Vaults:3)
  2 hornets (Spider:3)
  6 slime creatures
  A large abomination (Abyss:1)
  A tarantella (Spider:1)
  A wyvern (D:11)
  6 yaks
  A vampire mosquito (D:12)
  7 redbacks
  A warg (Vaults:2)
  A chaos spawn (Abyss:1)
  3 orc warriors (Orc)
  3 ogres
  A cane toad simulacrum (Lair:3)
  4 orc priests
  3 water moccasin simulacra (Lair:3)
  An orc wizard (D:11)
  A basilisk simulacrum (Lair:3)
  11 orcs
  2 hobgoblins (D:11)
  A kobold (D:12)
160 creatures vanquished.

Vanquished Creatures (others)
  A hornet (Swamp:3)
  A bog body (Lair:4)
  A raiju (Abyss:1)
  A human zombie (Vaults:2)
  14 fungi
  37 plants
55 creatures vanquished.

Grand Total: 1748 creatures vanquished

Notes
Turn   | Place    | Note
-------+----------+-------------------------------------------
     0 | D:1      | AxeAttX the Minotaur Berserker began the quest for the Orb.
     0 | D:1      | Reached XP level 1. HP: 19/19 MP: 0/0
    54 | D:1      | Reached skill level 4 in Fighting
    54 | D:1      | Reached skill level 4 in Axes
    54 | D:1      | Reached XP level 2. HP: 24/27 MP: 1/1
   550 | D:1      | Reached ** piety under Trog
   642 | D:1      | Reached XP level 3. HP: 34/34 MP: 2/2
   908 | D:2      | Reached XP level 4. HP: 37/41 MP: 3/3
   954 | D:2      | Reached skill level 5 in Fighting
   954 | D:2      | Reached skill level 5 in Axes
  1073 | D:2      | Noticed Terence
  1081 | D:2      | Killed Terence
  1563 | D:3      | Reached XP level 5. HP: 42/48 MP: 4/4
  1613 | D:3      | Noticed a sky beast
  1641 | D:3      | Killed a sky beast
  1642 | D:3      | Reached skill level 6 in Fighting
  1642 | D:3      | Reached skill level 6 in Axes
  2278 | D:3      | Reached XP level 6. HP: 55/57 MP: 5/5
  2679 | D:4      | Found a glowing drain.
  2688 | Sewer    | Entered a sewer
  2691 | Sewer    | Reached *** piety under Trog
  2708 | Sewer    | Noticed a crocodile
  2714 | Sewer    | Killed a crocodile
  2715 | Sewer    | Reached skill level 7 in Fighting
  2715 | Sewer    | Reached skill level 7 in Axes
  2715 | Sewer    | Reached XP level 7. HP: 66/66 MP: 6/6
  2827 | D:4      | Found a stormy altar of Qazlal.
  2886 | D:4      | Found a sand-covered staircase.
  2895 | Ossuary  | Entered an ossuary
  3325 | D:4      | Noticed Robin
  3336 | D:4      | Reached **** piety under Trog
  3340 | D:4      | Killed Robin
  3553 | D:4      | Noticed Pikel
  3566 | D:4      | Killed Pikel
  3567 | D:4      | Reached skill level 8 in Fighting
  3567 | D:4      | Reached skill level 8 in Axes
  3567 | D:4      | Reached skill level 3 in Armour
  3567 | D:4      | Reached skill level 3 in Dodging
  3567 | D:4      | Reached XP level 8. HP: 61/75 MP: 7/7
  3643 | D:4      | Noticed Blork the orc
  3651 | D:4      | Killed Blork the orc
  3652 | D:4      | Reached skill level 4 in Armour
  3818 | D:5      | Entered Level 5 of the Dungeon
  3974 | D:5      | Reached skill level 9 in Fighting
  3979 | D:5      | Reached skill level 9 in Axes
  3981 | D:5      | Reached skill level 1 in Throwing
  3989 | D:5      | Found an opulent altar of Gozag.
  4193 | D:5      | Reached skill level 4 in Dodging
  4258 | D:5      | Reached skill level 1 in Evocations
  4748 | D:5      | Found a runed translucent door.
  4748 | D:5      | Noticed syranez's ghost (novice DDFi)
  4915 | D:5      | Killed syranez's ghost
  4916 | D:5      | Reached skill level 2 in Throwing
  4916 | D:5      | Reached skill level 5 in Armour
  4916 | D:5      | Reached XP level 9. HP: 85/85 MP: 7/9
  4985 | D:6      | Reached skill level 3 in Throwing
  5055 | D:6      | Reached skill level 2 in Evocations
  5167 | D:6      | Reached skill level 10 in Fighting
  5167 | D:6      | Reached skill level 10 in Axes
  5247 | D:6      | Found a staircase to the Ecumenical Temple.
  5248 | D:6      | Noticed Grinder
  5248 | D:6      | Paralysed by Grinder for 4 turns
  5254 | D:6      | Killed Grinder
  5353 | D:6      | Found a hazy altar of Hepliaklqana.
  5466 | D:6      | Found an ancient bone altar of Kikubaaqudgha.
  5518 | D:6      | Reached skill level 5 in Dodging
  5590 | D:6      | Found a glowing golden altar of the Shining One.
  5638 | D:6      | Reached skill level 4 in Throwing
  5928 | D:7      | Reached ***** piety under Trog
  6272 | D:7      | Received a gift from Trog
  6589 | D:7      | Noticed a troll
  6594 | D:7      | Reached XP level 10. HP: 94/94 MP: 11/11
  6904 | D:8      | Noticed a white ugly thing
  6904 | D:8      | Noticed a gargoyle
  6913 | D:8      | Killed a white ugly thing
  6914 | D:8      | Reached skill level 6 in Armour
  6914 | D:8      | Reached skill level 3 in Evocations
  6915 | D:8      | Killed a gargoyle
  7087 | D:9      | Found an iron altar of Okawaru.
  7092 | D:9      | Reached skill level 5 in Throwing
  7221 | D:9      | Reached skill level 11 in Axes
  7259 | D:9      | Reached skill level 11 in Fighting
  7310 | D:9      | Found a staircase to the Orcish Mines.
  7611 | D:8      | HP: 21/142 [freezing wraith (16)]
  7612 | D:8      | HP: 2/142 [freezing wraith (9)]
  7615 | D:8      | Reached skill level 6 in Dodging
  7925 | D:8      | Reached skill level 6 in Throwing
  7964 | D:8      | Reached skill level 4 in Evocations
  8082 | D:8      | Reached skill level 7 in Armour
  8082 | D:8      | Reached XP level 11. HP: 86/102 MP: 13/13
  8089 | D:8      | Found a staircase to the Lair.
  8375 | D:8      | Got a silken robe
  8455 | D:8      | Received a gift from Trog
  8461 | D:8      | Got a dazzling executioner's axe {god gift}
  8462 | D:8      | Identified the +2 executioner's axe "Ufora" {freeze, Str+5}
                  | (Trog gifted it to you on level 8 of the Dungeon)
  8803 | D:8      | Found an opulent altar of Gozag.
  8955 | Lair:1   | Entered Level 1 of the Lair of Beasts
  9199 | Lair:1   | Reached skill level 12 in Axes
  9246 | Lair:1   | Reached skill level 12 in Fighting
  9793 | Lair:1   | Reached skill level 1 in Shields
  9888 | Lair:1   | Reached skill level 7 in Dodging
 10088 | Lair:2   | Found a hole to the Spider Nest.
 10210 | Lair:2   | Noticed a seven-headed hydra
 10242 | Lair:1   | Reached skill level 2 in Shields
 10374 | Lair:2   | Killed a five-headed hydra
 10426 | Lair:2   | Reached skill level 8 in Armour
 10455 | Lair:2   | Reached skill level 3 in Shields
 10526 | Lair:2   | Reached skill level 5 in Evocations
 10546 | Lair:2   | Got a twisted quarterstaff
 10759 | Lair:2   | Reached XP level 12. HP: 88/113 MP: 14/14
 10814 | Lair:2   | Reached skill level 4 in Shields
 11280 | Lair:3   | Reached skill level 13 in Axes
 11290 | Lair:3   | Reached skill level 13 in Fighting
 11397 | Lair:3   | Reached skill level 5 in Shields
 11614 | Lair:3   | Found a runed translucent gate.
 11614 | Lair:3   | Found a runed translucent gate.
 11614 | Lair:3   | Found a runed translucent gate.
 11654 | Lair:3   | Noticed an ice dragon
 11654 | Lair:3   | Noticed Morbidden's ghost (journeyman FrVM)
 11936 | Lair:3   | Received a gift from Trog
 11938 | Lair:3   | Killed an ice dragon
 11939 | Lair:3   | Reached skill level 8 in Dodging
 11964 | Lair:3   | Killed Morbidden's ghost
 11965 | Lair:3   | Reached skill level 6 in Shields
 11991 | Lair:3   | Got a crude copper amulet
 11993 | Lair:3   | Identified the amulet "Etase" {RegenMP Dex+3} (You found it
                  | on level 3 of the Lair of Beasts)
 12312 | Lair:4   | Reached skill level 9 in Armour
 12443 | Lair:4   | Found a staircase to the Swamp.
 12663 | Lair:4   | Reached skill level 7 in Shields
 12926 | Lair:5   | Noticed a seven-headed hydra
 12935 | Lair:5   | Killed a three-headed hydra
 12980 | Lair:5   | Noticed a catoblepas
 12986 | Lair:5   | Killed a catoblepas
 13445 | Lair:5   | Reached skill level 14 in Axes
 13450 | Lair:5   | Reached XP level 13. HP: 116/123 MP: 15/15
 13481 | Lair:5   | Reached skill level 14 in Fighting
 13649 | Lair:6   | Entered Level 6 of the Lair of Beasts
 14044 | Lair:6   | Reached skill level 9 in Dodging
 14050 | Lair:6   | Reached skill level 8 in Shields
 14150 | Lair:6   | Noticed an entropy weaver
 14159 | Lair:6   | Killed an entropy weaver
 14160 | Lair:6   | Reached skill level 10 in Armour
 14160 | Lair:6   | Noticed an entropy weaver
 14162 | Lair:6   | Received a gift from Trog
 14259 | Lair:6   | Reached skill level 15 in Axes
 14311 | Lair:6   | Reached skill level 15 in Fighting
 14775 | Lair:6   | Killed an entropy weaver
 14776 | Lair:6   | Reached XP level 14. HP: 135/135 MP: 16/16
 14983 | Lair:6   | Got an encrusted double sword
 14986 | Lair:6   | Identified A Thorough Guide to Wizardry
 14998 | Lair:6   | Reached skill level 9 in Shields
 15118 | Lair:6   | Found the cursed +14 obsidian axe {chop, +Fly SInv *Curse}
 15205 | Lair:6   | Received a gift from Trog
 15209 | Lair:6   | Reached skill level 16 in Axes
 15620 | Lair:6   | Reached skill level 10 in Dodging
 16156 | D:9      | Noticed Prince Ribbit
 16161 | D:9      | Killed Prince Ribbit
 16222 | D:9      | Reached skill level 11 in Armour
 16538 | D:9      | Found a snail-covered altar of Cheibriados.
 16610 | D:9      | Found a portal to a secret trove of treasure.
 16943 | D:10     | Entered Level 10 of the Dungeon
 17103 | D:10     | Found Bam Wautiume's Weapon Shop.
 17250 | D:10     | Found a runed translucent gate.
 17250 | D:10     | Found a runed translucent gate.
 17251 | D:10     | Found a runed translucent gate.
 17285 | D:10     | Noticed Exe's ghost (journeyman MiBe)
 17328 | D:10     | Reached skill level 16 in Fighting
 17332 | D:10     | Reached skill level 17 in Axes
 17630 | D:10     | Received a gift from Trog
 17897 | D:10     | Reached skill level 10 in Shields
 18431 | D:10     | Killed Exe's ghost
 18656 | D:11     | Found a gate to the Vaults.
 18669 | D:11     | Reached skill level 18 in Axes
 19286 | D:11     | Reached XP level 15. HP: 140/145 MP: 17/17
 19381 | D:11     | Received a gift from Trog
 19579 | D:12     | Entered Level 12 of the Dungeon
 19777 | D:12     | Found Becvuorchi's Magic Scroll Boutique.
 19811 | D:12     | Reached skill level 17 in Fighting
 19820 | D:12     | Reached skill level 12 in Armour
 19834 | D:12     | Bought a scroll of teleportation for 33 gold pieces
 19834 | D:12     | Bought a scroll of enchant weapon for 82 gold pieces
 20018 | D:12     | Reached skill level 19 in Axes
 20189 | D:12     | Received a gift from Trog
 20294 | D:12     | Reached skill level 11 in Shields
 20310 | D:12     | Found a staircase to the Depths.
 20617 | Orc      | Entered the Orcish Mines
 20637 | Orc      | Found a viscous altar of Jiyva.
 20637 | Orc      | Found a staircase to the Slime Pits.
 20643 | Orc      | Found a roughly hewn altar of Beogh.
 20643 | Orc      | Noticed an orc warlord
 20684 | Orc      | Found Kuatuad's Antique Armour Shoppe.
 20833 | Orc      | Found a gate leading to a gauntlet.
 20861 | Gauntlet | Entered a Gauntlet
 20861 | Gauntlet | Found a transporter.
 20861 | Gauntlet | Found a transporter.
 20878 | Gauntlet | Found a transporter.
 20882 | Gauntlet | Found a transporter.
 20892 | Gauntlet | Found a transporter.
 20913 | Gauntlet | Found a transporter.
 20919 | Gauntlet | Found a transporter.
 20925 | Gauntlet | Found a transporter.
 20948 | Gauntlet | Found a transporter.
 20948 | Gauntlet | Found a transporter.
 21160 | Gauntlet | Identified the amulet "Hugaed" {Acrobat rPois Int+7,
                  | pickup} (You found it in a Gauntlet)
 21243 | Gauntlet | Identified the ring "Teod" {+Fly MR+ Int+3 Dex+6 SInv,
                  | pickup} (You found it in a Gauntlet)
 21357 | Orc      | Found Meho Peu's General Store.
 21361 | Orc      | Found Datepnam's Magic Scroll Shoppe.
 21367 | Orc      | Bought a scroll of fear for 60 gold pieces
 21367 | Orc      | Found Dyumao's Antique Armour Boutique.
 21381 | Orc      | Bought a shiny large shield for 165 gold pieces
 21381 | Orc      | Bought a pair of glowing boots for 165 gold pieces
 21381 | Orc      | Bought a pair of jewelled boots for 209 gold pieces
 21414 | Orc      | Identified the +1 pair of boots "Septadd" {rPois rF+++
                  | Int-5 Slay-6} (You bought it in a shop in the Orcish Mines)
 21489 | Orc      | Killed an orc warlord
 21490 | Orc      | Reached skill level 18 in Fighting
 21490 | Orc      | Found Oresiog's Antique Armour Shop.
 21499 | Orc      | Found Ried's Book Shop.
 21510 | Orc      | Found a bloodstained altar of Trog.
 21589 | Orc      | Bought a scroll of blinking for 105 gold pieces
 21589 | Orc      | Bought a scroll of enchant armour for 105 gold pieces
 21632 | Orc      | Bought a manual of Armour for 1104 gold pieces
 21652 | Orc      | Found Hafea's Antique Weapon Shop.
 21912 | Orc      | Found Tev Asai's General Store.
 21933 | Orc      | Found Buyh's Antique Weapon Shop.
 22031 | Orc      | Bought a shiny plate armour for 858 gold pieces
 22192 | Spider:1 | Entered Level 1 of the Spider Nest
 22201 | Spider:1 | Received a gift from Trog
 22215 | Spider:1 | Noticed a ghost moth
 22216 | Spider:1 | Reached skill level 13 in Armour
 22478 | Spider:1 | Reached skill level 12 in Shields
 22586 | Spider:1 | Noticed a ghost moth
 22594 | Spider:1 | Killed a ghost moth
 22595 | Spider:1 | Reached XP level 16. HP: 159/159 MP: 1/18
 23214 | Spider:1 | Reached skill level 14 in Armour
 23394 | Spider:2 | Found a runed door.
 23438 | Spider:2 | Reached skill level 19 in Fighting
 23529 | Spider:3 | Entered Level 3 of the Spider Nest
 23898 | Spider:3 | Reached ****** piety under Trog
 24159 | Spider:3 | Noticed Arachne
 24173 | Spider:3 | Killed Arachne
 24173 | Spider:3 | Received a gift from Trog
 24174 | Spider:3 | Reached skill level 15 in Armour
 24174 | Spider:3 | Reached skill level 13 in Shields
 24688 | Spider:3 | Got a gossamer rune of Zot
 25240 | Lair:6   | Found a staircase to the Elven Halls.
 25471 | Lair:6   | Identified the +9 double sword of Poxeash {protect, +Fly
                  | Int+2 Dex+3} (You found it on level 6 of the Lair of
                  | Beasts)
 25471 | Lair:6   | Identified the +8 quarterstaff "Wummur" {drain, +Rage rPois
                  | rC- Str+4} (You found it on level 2 of the Lair of Beasts)
 25782 | Swamp:1  | Entered Level 1 of the Swamp
 25815 | Swamp:1  | Reached skill level 20 in Fighting
 26022 | Swamp:1  | Noticed Aizul
 26032 | Swamp:1  | Reached XP level 17. HP: 150/170 MP: 19/19
 26035 | Swamp:1  | Killed Aizul
 26109 | Swamp:1  | Noticed Louise
 26120 | Swamp:1  | Killed Louise
 26120 | Swamp:1  | Identified the +8 battleaxe of Balance {vamp, rF+} (Trog
                  | gifted it to you on level 1 of the Swamp)
 26120 | Swamp:1  | Received a gift from Trog
 26121 | Swamp:1  | Reached skill level 16 in Armour
 26183 | Swamp:1  | Noticed Josephine
 26198 | Swamp:1  | Killed Josephine
 27284 | Swamp:2  | Reached skill level 20 in Axes
 27289 | Swamp:2  | Reached skill level 14 in Shields
 27364 | Swamp:2  | Identified the cursed ring of Activism {Fire rN++ Dex-4}
 28009 | Swamp:3  | Entered Level 3 of the Swamp
 28028 | Swamp:3  | Reached skill level 17 in Armour
 28047 | Swamp:3  | Reached skill level 21 in Fighting
 28054 | Swamp:3  | Received a gift from Trog
 28306 | Swamp:3  | Noticed a wendigo
 28317 | Swamp:3  | Killed a wendigo
 28629 | Swamp:3  | Got a decaying rune of Zot
 28875 | Vaults:1 | Entered Level 1 of the Vaults
 28914 | Vaults:1 | Reached skill level 18 in Armour
 28920 | Vaults:1 | Reached XP level 18. HP: 146/182 MP: 12/20
 28941 | Vaults:1 | Reached skill level 15 in Shields
 29273 | Vaults:1 | Received a gift from Trog
 29274 | Vaults:1 | Reached skill level 22 in Fighting
 29345 | Vaults:1 | Reached skill level 19 in Armour
 29372 | Vaults:1 | Cast into level 1 of the Abyss (a deep elf demonologist)
 29444 | Abyss:1  | Noticed a bone dragon
 29460 | Abyss:1  | Killed a bone dragon
 29460 | Abyss:1  | Received a gift from Trog
 29461 | Abyss:1  | Reached skill level 16 in Shields
 29469 | Vaults:1 | Escaped the Abyss
 29521 | Vaults:1 | Noticed Bai Suzhen
 29530 | Vaults:1 | Killed Bai Suzhen
 29531 | Vaults:1 | Reached skill level 23 in Fighting
 30385 | Vaults:2 | Reached XP level 19. HP: 180/195 MP: 21/21
 30703 | Vaults:2 | Received a gift from Trog
 30911 | Vaults:2 | Found a staircase to the Crypt.
 30933 | Vaults:2 | Reached skill level 20 in Armour
 31093 | Vaults:2 | Reached skill level 17 in Shields
 31096 | Vaults:2 | Reached skill level 24 in Fighting
 31229 | Vaults:2 | Received a gift from Trog
 31230 | Vaults:2 | Found the +8 mithril axe "Arga" {speed, MR+}
 31693 | Vaults:2 | Reached XP level 20. HP: 207/207 MP: 22/22
 31984 | Vaults:3 | Entered Level 3 of the Vaults
 32007 | Vaults:3 | Paralysed by a floating eye for 2 turns
 32020 | Vaults:3 | Received a gift from Trog
 32020 | Vaults:3 | Noticed Mennas
 32049 | Vaults:3 | Reached skill level 25 in Fighting
 32065 | Vaults:3 | Reached skill level 18 in Shields
 32095 | Vaults:3 | Killed Mennas
 32116 | Vaults:3 | HP: 27/211 [yaktaur/bolt[a yaktaur captain] (20)]
 32125 | Vaults:3 | Identified the +8 large shield of the Mackerel {rF+ MR+
                  | MP-9 Str+2}
 32137 | Vaults:3 | Identified the cursed +3 flail of Dyerei {elec, rElec rF-
                  | rC+}
 32147 | Vaults:3 | Reached skill level 21 in Armour
 32174 | Vaults:3 | Noticed a juggernaut
 32196 | Vaults:3 | Killed a juggernaut
 32382 | Vaults:3 | Identified the +9 mace "Ekhofora" {drain, rElec}
 32383 | Vaults:3 | Noticed Xtahua
 32396 | Vaults:3 | Received a gift from Trog
 32410 | Vaults:3 | Identified the +7 chain mail of the Three Places {Str+4
                  | Int+3 Slay+4}
 32415 | Vaults:3 | Killed Xtahua
 32420 | Vaults:3 | Reached XP level 21. HP: 220/220 MP: 14/23
 32429 | Vaults:3 | Reached skill level 26 in Fighting
 32471 | Vaults:3 | Reached skill level 19 in Shields
 32489 | Vaults:3 | HP: 30/221 [tentacled monstrosity (8)]
 32490 | Vaults:3 | HP: 6/221 [yaktaur captain/bolt (21)]
 32495 | Vaults:3 | HP: 29/221 [poisoned by a reaper]
 32500 | Vaults:3 | HP: 45/333 [poisoned by a reaper]
 32505 | Vaults:3 | HP: 31/333 [vault sentinel/cursed -3 morningstar[a vault
                  | warden] (2)]
 32506 | Vaults:3 | Received a gift from Trog
 32733 | Vaults:3 | Identified the Collected Works on Ghastly Air
 32770 | Vaults:3 | Identified the ring "Jaeggup" {+Fly rElec Stlth+}
 32850 | Vaults:3 | Identified the ring of Accord {MP+9 Str+3}
 32997 | Vaults:3 | Found Finythynume's Magic Scroll Boutique.
 33067 | Vaults:3 | Bought a scroll of teleportation for 57 gold pieces
 33067 | Vaults:3 | Bought a scroll of teleportation for 57 gold pieces
 33067 | Vaults:3 | Bought a scroll of blinking for 142 gold pieces
 33070 | Vaults:3 | Got a silver rune of Zot
 33310 | Vaults:3 | Reached skill level 22 in Armour
 33635 | Depths:1 | Entered Level 1 of the Depths
 33659 | Depths:1 | Received a gift from Trog
 33694 | Depths:1 | Reached skill level 27 in Fighting
 33768 | Depths:1 | Found a gateway to Hell.
 33844 | Depths:2 | Reached XP level 22. HP: 168/233 MP: 15/24
 33863 | Depths:2 | Reached skill level 20 in Shields
 33956 | Depths:2 | Received a gift from Trog
 34059 | Depths:3 | Found a sparkling altar of Nemelex Xobeh.
 34302 | Depths:3 | Found Ynatweg's Jewellery Shoppe.
 34307 | Depths:3 | Bought an uncursed amulet of rage for 544 gold pieces
 34328 | Depths:3 | Reached skill level 23 in Armour
 34648 | Depths:4 | Received a gift from Trog
 34660 | Depths:4 | Reached skill level 7 in Throwing
 34664 | Depths:4 | Reached skill level 6 in Evocations
 34737 | Depths:4 | Reached skill level 21 in Shields
 34769 | Depths:4 | Noticed a Killer Klown
 34788 | Depths:4 | Killed a Killer Klown
 35068 | Depths:4 | Found a one-way gate to the infinite horrors of the Abyss.
 35199 | Depths:5 | Entered Level 5 of the Depths
 35288 | Depths:5 | Reached XP level 23. HP: 184/240 MP: 18/27
 35297 | Depths:5 | Reached skill level 8 in Throwing
 35306 | Depths:5 | Reached skill level 7 in Evocations
 35348 | Depths:5 | Reached skill level 11 in Dodging
 35351 | Depths:5 | Received a gift from Trog
 35495 | Depths:5 | Noticed a golden dragon
 35505 | Depths:5 | Killed a golden dragon
 35513 | Depths:5 | HP: 54/360 [poison (poison gas)]
 35518 | Depths:5 | HP: 49/360 [poison (poison gas)]
 35523 | Depths:5 | HP: 46/360 [poison (poison gas)]
 35528 | Depths:5 | HP: 24/240 [poison (poison gas)]
 35533 | Depths:5 | HP: 21/240 [poison (poison gas)]
 35538 | Depths:5 | HP: 22/240 [poison (poison gas)]
 35541 | Depths:5 | Killed from afar by a shadow dragon

Skill      XL: |  1  2  3  4  5  6  7  8  9 10 11 12 13 14 15 16 17 18 19 20 21 22 23 |
---------------+----------------------------------------------------------------------+-----
Fighting       | 4 5 6 7 8 9 10 11 12 13 15 16 18 20 21 23 24 25 27 | 27.0
Axes           | 4 5 6 7 8 9 10 11 12 14 15 18 19 20 | 20.0
Armour         | 3 5 7 8 9 10 11 13 15 18 19 20 21 22 23 | 23.5
Dodging        | 3 4 5 6 7 8 9 10 11 | 11.2
Throwing       | 2 4 6 7 8 |  8.5
Evocations     | 1 2 4 5 6 7 |  7.4
Shields        | 3 7 8 10 12 13 14 16 17 18 19 21 | 21.3

Action                   |  1- 3 |  4- 6 |  7- 9 | 10-12 | 13-15 | 16-18 | 19-21 | 22-24 || total
-------------------------+-------+-------+-------+-------+-------+-------+-------+-------++-------
Melee: Hand axe          |    65 |   110 |   309 |    12 |    10 |       |       |       ||   506
       Headbutt          |     9 |    19 |    53 |    78 |   160 |   218 |   241 |   126 ||   904
       Broad axe         |       |       |    10 |   454 |   717 |   730 |   733 |   353 ||  2997
Throw: Tomahawk          |       |       |       |    25 |    34 |    27 |     2 |     2 ||    90
       Javelin           |       |       |       |       |       |     5 |       |     3 ||     8
Invok: Berserk           |       |     4 |     7 |    17 |    22 |    20 |    17 |     5 ||    92
       Trog's Hand       |       |       |     1 |     4 |     4 |    13 |    16 |     1 ||    39
       Brothers in Arms  |       |       |     1 |     2 |       |     4 |     2 |     1 ||    10
 Abil: Evoke Flight      |       |       |       |       |       |     1 |       |       ||     1
       Stop Flying       |       |       |       |       |       |       |       |     1 ||     1
Evoke: Wand              |       |       |       |       |     4 |     1 |     4 |       ||     9
       Sack of spiders   |       |       |       |       |     1 |       |       |       ||     1
  Use: Scroll            |       |     1 |    13 |     7 |    25 |     4 |     1 |     1 ||    52
       Potion            |       |       |     2 |     4 |       |     1 |     8 |     1 ||    16
 Stab: Distracted        |       |       |     1 |       |     4 |     5 |    18 |     5 ||    33
       Confused          |       |       |       |       |       |     3 |       |       ||     3
       Paralysed         |       |       |       |       |       |       |     2 |       ||     2
  Eat: Chunk             |     2 |    11 |    19 |    46 |    51 |    29 |    29 |    15 ||   202
       Ration            |       |       |     2 |     1 |     5 |    10 |     5 |     1 ||    24
Armor: Animal skin       |    17 |     4 |       |       |       |       |       |       ||    21
       Scale mail        |       |    29 |    99 |       |       |       |       |       ||   128
       Ring mail         |       |       |    25 |   193 |       |       |       |       ||   218
       Chain mail        |       |       |       |    79 |   225 |       |       |       ||   304
       Plate armour      |       |       |       |       |   131 |   504 |   320 |   135 ||  1090
Dodge: Dodged            |    43 |    55 |   144 |   271 |   249 |   252 |   154 |    67 ||  1235
Block: Buckler           |       |       |       |    73 |    82 |       |       |       ||   155
       Medium shield     |       |       |       |       |   153 |       |       |       ||   153
       Large shield      |       |       |       |       |   117 |   999 |   994 |   548 ||  2658

Levels and vault maps discovered:
D:1:      minmay_arrival_four_circles, layout_basic
D:2:      layout_loops_ring, first_ration, uniq_terence
D:3:      layout_basic
D:4:      layout_gridville, nicolae_qazlal_general_emergency,
          gup_ossuary_entry_pyramid, cheibrodos_sewer_entry_drain,
          uniq_blork_the_orc, uniq_pikel, uniq_robin
D:5:      layout_loops_ring, gammafunk_ghost_grave, nicolae_gozag_seed_capital
D:6:      layout_rooms, nicolae_kikubaaqudgha_miasma_corner,
          nicolae_hepliaklqana_monster_ancestors, temple_statues,
          serial_corexii_hall, corexii_hall_statues_deadend,
          corexii_hall_statues_l, nicolae_tso_besieged_by_evil, uniq_grinder
D:7:      layout_cave_pods, grunt_tough_drop
D:8:      minmay_diamond_stairs, layout_basic, marbit_many_paths,
          erik_lair_island
D:9:      minmay_bubble_buster, layout_basic, slow_altar_1, hiddenorc2_lemuel,
          nicolae_trove_entry_crystal, grunt_pizzeria,
          okawaru_ov_weapons_minmay, uniq_prince_ribbit1
D:10:     minmay_the_grid_four_pointed_star [minmay_the_grid_triangle_9x9_cache,
          minmay_the_grid_triangle_9x9_flanged_cone,
          minmay_the_grid_triangle_9x9_semitri,
          minmay_the_grid_triangle_9x9_pentomino_pain,
          minmay_the_grid_prize_four_corners_diamond_b], layout_layer_cave,
          serial_shops, shop, ebering_ghost_rock_garden, eino_jars
D:11:     cheibrodos_orc_bank, layout_irregular_city,
          lightli_vaults_fourway_checkpoint, hex_medium,
          kennysheep_big_empty_room
D:12:     gammafunk_enter_depths_forms, layout_long_grid, serial_shops,
          nicolae_shop_behind_doors, hangedman_abyss_or_decor_stabs
Lair:1:   layout_long_grid
Lair:2:   layout_regular_city, spider_nest_entry_rubble, serial_bayou,
          serial_bayou_lake_a, serial_bayou_crossing, serial_bayou_lagoon_b,
          serial_bayou_ford_a
Lair:3:   layout_misc_corridors, gammafunk_ghost_icy, grunt_megastairs_4
Lair:4:   layout_roguey, skrybe_swamp_entry_bodies, infiniplex_staircase_pool
Lair:5:   layout_regular_city
Lair:6:   gammafunk_lair_ancient_temple, layout_cave_shapes,
          dreamdust_deal_with_the_devil, st_stairs_6, minivault_29
Swamp:1:  layout_basic_swamp, nicolae_swamp_orc_logging_accident, uniq_aizul,
          uniq_josephine, uniq_louise
Swamp:2:  layout_falls_marsh, serial_swamp_ruin, evilmike_swamp_ruin_rubble_2,
          evilmike_swamp_ruin_house_4, swamp_pool2, hangedman_swamp_diagram,
          hangedman_swamp_phenomena
Swamp:3:  grunt_swamp_rune_castle, layout_basic_swamp
Spider:1: nicolae_spider_corner
Spider:2: cheibrodos_spider_deadly_dance
Spider:3: johnstein_spider_rune_arachne_lair
Orc:      grunt_orc_cross, layout_caves, minmay_slime_entry_oklob_open,
          gauntlet_entry_generic, basic_altar, serial_shops, shop, shop,
          nicolae_shop_waterfront, shop, nicolae_shop_stone
Vaults:1: vaults_dpeg_spiral, v_alt_pattern_4, vaults_mumra_minichess_inversion,
          nicolae_vaults_three_branches, vaults_dpeg_ring,
          vaults_standard_mumra_lines, vaults_room_octagon,
          hangedman_vaults_trim, nicolae_vaults_puzzle_piece, serial_ice_m,
          ontoclasm_vaults_hangar, nicolae_vaults_what_the_h,
          hangedman_vaults_impose, vaults_mumra_lcd, layout_vaults_omnibox,
          serial_shops, freezing_bzr, uniq_bai_suzhen
Vaults:2: minmay_crypt_entry_simple_round, nicolae_vaults_network_square,
          grunt_vaults_diagonal, nicolae_vaults_little_ls,
          nicolae_vaults_specimen_jars, ontoclasm_vaults_bender,
          dpeg_vaults_pockets_of_resistance, grunt_vaults_hallway_short,
          v_misc_1, hangedman_vaults_snaps, nicolae_vaults_little_squares_6,
          nicolae_vaults_little_squares_6, v_misc_5, layout_vaults_maze_snakey
Vaults:3: serial_shops, uniq_xtahua, uniq_mennas
Depths:1: layout_cave_pools, hell_entry, abyss_entry, hangedman_decor_points,
          kennysheep_generic_room_2
Depths:2: cheibrodos_tormentor_scu, layout_cave_pools,
          chequers_serial_rivers_room_a, hell_entry, hangedman_summoners_spam,
          infiniplex_staircase_zigzag_5
Depths:3: grunt_forest_winery_depths, layout_cave_shapes, serial_shops,
          nicolae_shop_crystal, nemelex_xobeh_ov_fountains_minmay, hell_entry,
          rand_demon_pan_entry_1, grunt_ministairs_6,
          nicolae_ashenzari_panopticon, infiniplex_staircase_split_hallway
Depths:4: minmay_expanding_squares, layout_cave_shapes,
          hangedman_abyss_entry_splay, hellmouth_3, grunt_megastairs_3,
          infiniplex_staircase_zigzag_4
Depths:5: evilmike_zot_entry_argh, layout_honeycomb, enter_ziggurat_f,
          pan_entry, hangedman_abyss_or_decor_clamps, grunt_mini_vestibule,
          serial_glass, glass_columns_b, glass_columns_a, serial_bayou_shore_a

Table legend:
 A = Turns spent in this place as a percentage of turns spent in the entire game.
 B = Non-inter-level travel turns spent in this place as a percentage of non-inter-level travel turns spent in the entire game.
 C = Inter-level travel turns spent in this place as a percentage of turns spent in this place.
 D = Turns resting spent in this place as a percentage of non-inter-level travel turns spent in this place.
 E = Turns spent auto-exploring this place as a percentage of non-inter-level travel turns spent in this place.
 F = Non-inter-level travel turns spent in this place divided by the number of levels of this place that you've seen.
                   A       B       C       D       E      F
               +-------+-------+-------+-------+-------+----------------------
         Total | 100.0 | 100.0 |   8.5 |  11.4 |  64.5 | 878.5
       Dungeon |  40.1 |  39.3 |  10.3 |   9.2 |  73.6 | 1065.2
          Lair |  22.0 |  21.3 |  11.5 |  13.8 |  65.8 | 1153.3
         Swamp |   6.9 |   7.1 |   5.9 |   4.7 |  68.1 | 766.7
   Spider Nest |   7.3 |   7.6 |   4.6 |  24.8 |  53.2 | 821.0
  Orcish Mines |   2.8 |   2.9 |   5.6 |   7.1 |  68.9 | 954.0
        Vaults |  13.0 |  13.2 |   7.0 |   5.0 |  56.4 | 1429.7
        Depths |   5.4 |   5.8 |   1.5 |  23.5 |  36.0 | 375.4
         Abyss |   0.3 |   0.3 |   0.0 |   0.0 |   0.0 |  97.0
         Sewer |   0.3 |   0.3 |   0.0 |   6.3 |  28.4 |  95.0
       Ossuary |   0.8 |   0.9 |   0.0 |  19.4 |  43.3 | 284.0
      Gauntlet |   1.2 |   1.4 |   0.0 |  14.7 |  50.3 | 441.0
               +-------+-------+-------+-------+-------+----------------------

Table legend:
 A = Kills in this place as a percentage of kills in entire the game.
 B = Kills by you in this place as a percentage of kills by you in the entire game.
 C = Kills by friends in this place as a percentage of kills by friends in the entire game.
 D = Other kills in this place as a percentage of other kills in the entire game.
 E = Experience gained in this place as a percentage of experience gained in the entire game.
 F = Experience gained in this place divided by the number of levels of this place that you have seen.
                   A       B       C       D       E      F
               +-------+-------+-------+-------+-------+----------------------
         Total | 100.0 | 100.0 | 100.0 | 100.0 | 100.0 | 23635.6
       Dungeon |  26.8 |  28.2 |  15.0 |   0.0 |   7.1 | 5143.7
          Lair |  12.9 |  13.9 |   4.4 |  11.1 |   7.1 | 10380.2
         Swamp |   9.4 |  10.4 |   0.0 |  11.1 |   8.9 | 25899.7
   Spider Nest |   8.1 |   7.2 |  17.5 |   0.0 |   7.6 | 22100.3
  Orcish Mines |   4.2 |   3.8 |   8.8 |   0.0 |   1.5 | 12693.0
        Vaults |  24.4 |  22.6 |  39.4 |  66.7 |  43.7 | 127310.3
        Depths |  11.3 |  11.2 |  13.1 |   0.0 |  22.1 | 38569.6
         Abyss |   1.0 |   0.8 |   1.9 |  11.1 |   1.6 | 13848.0
         Sewer |   0.4 |   0.4 |   0.0 |   0.0 |   0.0 | 152.0
       Ossuary |   1.0 |   1.1 |   0.0 |   0.0 |   0.0 | 176.0
      Gauntlet |   0.5 |   0.5 |   0.0 |   0.0 |   0.6 | 4863.0
               +-------+-------+-------+-------+-------+----------------------
